 Dungeon Crawl Stone Soup version 0.26-a0-708-g17f3b19 (webtiles) character file.

Game seed: 13778695389534546730

16 BarneyGumball the Skirmisher (level 2, 0/24 HPs)
             Began as a Formicid Abyssal Knight on Oct 28, 2020.
             Was a Follower of Lugonu.
             Succumbed to a kobold's poison
             ... on level 1 of the Dungeon.
             The game lasted 00:02:11 (405 turns).

BarneyGumball the Skirmisher (FoAK)                  Turns: 405, Time: 00:02:11

Health: 0/24       AC:  7    Str: 16    XL:     2   Next: 70%
Magic:  4/4        EV:  9    Int: 11    God:    Lugonu [*.....]
Gold:   17         SH:  0    Dex: 10    Spells: 1/1 levels left

rFire    . . .     SeeInvis +   a - +1 hand axe
rCold    . . .     Faith    .   (no shield)
rNeg     . . .     Spirit   .   c - +0 scale mail
rPois    .         Reflect  .   (helmet unavailable)
rElec    .         Harm     .   (no cloak)
rCorr    .         Rampage  .   (no gloves)
MR       .....                  f - +0 pair of boots
Stlth    ..........             (no amulet)
HPRegen  0.08/turn              (no ring)
MPRegen  0.09/turn              (no ring)

@: lethally poisoned (0 -> -15)
A: permanent stasis, dig shafts and tunnels, four strong arms, antennae 3
a: Dig, Shaft Self, Depart the Abyss, Renounce Religion


You were on level 1 of the Dungeon.
You worshipped Lugonu.
Lugonu was aware of your devotion.
You visited 1 branch of the dungeon, and saw 1 of its levels.
You visited the Abyss 1 time.

You collected 17 gold pieces.

Inventory:

Hand Weapons
 a - a +1 hand axe (weapon)
 g - a +1 short sword of venom
Armour
 b - a +0 leather armour
 c - a +0 scale mail (worn)
 f - a +0 pair of boots (worn)
Scrolls
 e - a scroll of enchant weapon


   Skills:
 - Level 3.2 Fighting
 + Level 2.5 Axes
 - Level 2.1 Armour
 - Level 0.8 Dodging
 + Level 3.0 Invocations


You had one spell level left.
You didn't know any spells.
Your spell library was empty.

Dungeon Overview and Level Annotations

Branches:
Dungeon (1/15)

Altars:


Innate Abilities, Weirdness & Mutations

You cannot be hasted, slowed, berserked, paralysed or teleported.
You can dig through walls and to a lower floor.
Your four strong arms can wield two-handed weapons with a shield.
You have a pair of large antennae on your head. (SInv)


Message History

g - a +1 short sword of venom You feel sick.
There is a lethal amount of poison in your body!
You aren't carrying any potions.
As you read the scroll labeled RENOPH YTAUNN, it crumbles to dust.
It is a scroll of identify.
e - a scroll of enchant weapon
* * * LOW HITPOINT WARNING * * *
You feel sick.
* * * LOW HITPOINT WARNING * * *
You feel sick.
* * * LOW HITPOINT WARNING * * *
You feel sick.
* * * LOW HITPOINT WARNING * * *
You feel sick.
* * * LOW HITPOINT WARNING * * *
You feel sick.
* * * LOW HITPOINT WARNING * * *
You feel sick.
You die...

### ..# { #.# #.#
##### #####.######
####. ....#
#..........# ##...>
###.# #
#.##..##.#.###....#
..#.#
#.##.##..##..(.......#
#.#.#
#.........@...#......#
#.#.#
####.###########(..###
#.#.# #.##### ##.##
....# #.#...# .# #.###
#.#...### .# #.#
#.......# +# #.#
#.......# #.#
#.......# #.#
###...###


There were no monsters in sight!

Vanquished Creatures
  An ooze (D:1)
  A dart slug (D:1)
  A leopard gecko (D:1)
  2 goblins (D:1)
  A bat (D:1)
  2 kobolds (D:1)
  A rat (D:1)
9 creatures vanquished.

Notes
Turn   | Place    | Note
-------+----------+-------------------------------------------
     0 | Abyss:1  | BarneyGumball the Formicid Abyssal Knight began the quest
                  | for the Orb.
     0 | Abyss:1  | Reached XP level 1. HP: 18/18 MP: 2/2
   115 | Abyss:1  | Noticed a large abomination
   134 | Abyss:1  | Noticed a large abomination
   135 | D:1      | Escaped the Abyss
   183 | D:1      | Reached XP level 2. HP: 24/24 MP: 4/4
   242 | D:1      | Reached * piety under Lugonu
   404 | D:1      | HP: 1/24 [poisoned by a kobold]
   405 | D:1      | Succumbed to a kobold's poison

Illustrated notes

Levels and vault maps discovered:
D:1:      scummos_arrival_simple_fountains, layout_loops_corners

Skill      XL: |  1  2 |
---------------+-------+-----
Invocations    | 3 |  3.0
Fighting       | |  3.2
Axes           | |  2.5
Armour         | |  2.1
Dodging        | |  0.8

Action                   || total
-------------------------++-------
Melee: Hand axe          ||    31
Invok: Depart the Abyss  ||     1
  Use: Scroll            ||     1
Armor: Scale mail        ||    11
Dodge: Dodged            ||    14

Table legend: (Time is in decaauts)
 A = Elapsed time spent in this place.
 B = Non-inter-level travel time spent in this place.
 C = Inter-level travel time spent in this place.
 D = Time resting spent in this place.
 E = Time spent auto-exploring this place.
 F = Levels seen in this place.
 G = Mean time per level.
                   A        B        C        D        E       F      G
               +--------+--------+--------+--------+--------+-----+--------+
         Total |    412 |    412 |      0 |      0 |    243 |   2 |  206.0 |
       Dungeon |    275 |    275 |      0 |      0 |    193 |   1 |  275.0 |
         Abyss |    137 |    137 |      0 |      0 |     50 |   1 |  137.0 |
               +--------+--------+--------+--------+--------+-----+--------+

Top non-repeatable levels by time:
     D:1: 275 daAuts
 Abyss:1: 137 daAuts
